 Dungeon Crawl Stone Soup version 0.30.1-11-g7821555f0a (webtiles) character file.

Game seed: 12189180748133282401

2129 drskyman the Thrower (level 9, -5/54 (69) HPs)
             Began as a Merfolk Berserker on Dec 16, 2023.
             Was a Priest of Trog.
             Slain by a wight
             ... wielding a +0 dire flail
              (11 damage)
             ... on level 7 of the Dungeon.
             The game lasted 01:20:13 (5963 turns).

drskyman the Thrower (Merfolk Berserker)            Turns: 5963, Time: 01:20:13

HP:   -5/54 (69)    AC: 17    Str: 17    XL:     9   Next: 30%
MP:   9/9           EV:  9    Int:  8    God:    Trog [***...]
Gold: 340           SH:  0    Dex: 16    Spells: 8/8 levels left

rFire   . . .        e - +0 dagger
rCold   . . .        (no shield)
rNeg    . . .        j - +1 chain mail
rPois   .            h - +2 helmet
rElec   .            (no cloak)
rCorr   .            (no gloves)
SInv    .            (no boots)
Will    .....        w - amulet of regeneration Stlth
                     t - +4 ring of protection
HPRegen 1.09/turn    (no ring)
MPRegen 0.11/turn

%: no passive effects
@: on berserk cooldown, slowed, studying Throwing, heavily drained, very slow
A: (nimble swimmer 2), mertail
a: Renounce Religion, Berserk, Trog's Hand


You were on level 7 of the Dungeon.
You worshipped Trog.
Trog was most pleased with you.
You visited 2 branches of the dungeon, and saw 8 of its levels.

You collected 340 gold pieces.

Inventory:

Hand Weapons
 a - a +1 spear of freezing
 d - a +0 club
 e - a +0 dagger (weapon)
 f - a +5 quarterstaff of protection
 g - a +0 hammer
 i - a +0 dagger of protection
 m - a +0 halberd
 s - a +0 shortbow
 x - a +0 broad axe
 D - a +1 whip of venom
 E - a +0 sling
 M - a +0 mace
 O - a +0 mace
 V - a +4 rapier
Armour
 b - a +0 animal skin
 h - a +2 helmet (worn)
 j - a +1 chain mail (worn)
 l - a +1 ring mail of cold resistance
 r - the +3 leather armour of Bistir {Int+3}
   (You found it on level 5 of the Dungeon)

   Int:       It affects your intelligence (+3).
 Q - a +2 helmet
 R - a +2 cloak of poison resistance
Magical Staves
 n - a staff of fire
Jewellery
 t - a +4 ring of protection (left hand)
 w - an amulet of regeneration (around neck)
Scrolls
 y - 2 scrolls of fog
 W - 2 scrolls of teleportation
 Z - 2 scrolls of fear
Potions
 c - 2 potions of lignification
 k - 2 potions of berserk rage
 o - a potion of ambrosia {unknown}
 p - a potion of attraction {unknown}
 u - 2 potions of haste
 v - a potion of curing
 z - 2 potions of degeneration
 A - a potion of resistance {unknown}
 B - a potion of mutation {unknown}
 C - a potion of flight {unknown}
 X - a potion of invisibility {unknown}


   Skills:
 + Level 6.0 Fighting
 + Level 2.3(3.1) Axes
 + Level 5.1(8.2) Polearms
 + Level 5.8(6.2) Staves
 + Level 8.0 Throwing
 + Level 3.4 Armour
 + Level 3.7 Dodging
 + Level 0.1 Stealth


You had 8 spell levels left.
You didn't know any spells.
Your spell library contained the following spells:

 Spells                   Type           Power      Damage    Failure   Level
 Apportation              Tloc           0%         N/A       99%         1
 Necrotise                Necr           0%         1d4       99%         1
 Summon Small Mammal      Summ           0%         N/A       99%         1
 Lesser Beckoning         Tloc           0%         N/A       100%        2
 Gell's Gravitas          Tloc           0%         N/A       100%        3
 Hailstorm                Conj/Ice       0%         3d3       100%        3
 Inner Flame              Hex/Fire       0%         N/A       100%        3
 Teleport Other           Tloc           0%         N/A       100%        3
 Vampiric Draining        Necr           0%         2d6       100%        3
 Ice Form                 Ice/Tmut       0%         N/A       100%        4
 Agony                    Necr           0%         N/A       100%        5
 Yara's Violent Unravell  Hex/Tmut       0%         3d3       100%        5
 Simulacrum               Ice/Necr       0%         N/A       100%        6
 Enfeeble                 Hex            0%         N/A       100%        7


Dungeon Overview and Level Annotations

Branches:
Dungeon (7/15)             Temple (1/1) D:5

Altars:
Cheibriados
Dithmenos
Fedhas
Gozag
Hepliaklqana
Kikubaaqudgha
Makhleb
Nemelex Xobeh
Okawaru
Sif Muna
Uskayaw
Vehumet
Wu Jian
Xom
Yredelemnul
Zin
The Shining One


Innate Abilities, Weirdness & Mutations

((You are very nimble when in or above water. (Stealth+, EV+, Speed+++)))
Your lower body shifts to a powerful aquatic tail in water.


Message History

The wight closely misses you.
Hit: e) +0 dagger
Press: ? - help, Dir - move target, f/p - wight
Aim: a wight, wielding a +0 dire flail and wearing a +0 robe (lightly damaged, about 33% to evade your +0 dagger)
You hit the wight but do no damage. The wight misses you.
The wight closely misses you. The wight hits you but does no damage.
The wight hits you with a +4 flail.
* * * LOW HITPOINT WARNING * * *
Hit: e) +0 dagger
Press: ? - help, Dir - move target, f/p - wight
Aim: a wight, wielding a +4 flail and wearing a +0 robe (about 33% to evade your +0 dagger)
You barely miss the wight. The wight barely misses you. x2
You hit the wight but do no damage.
The wight hits you with a +0 dire flail.
* * * LOW HITPOINT WARNING * * *
You feel drained.
* * * LOW HITPOINT WARNING * * *
The wight hits you but does no damage. The wight closely misses you.
The wight barely misses you. The wight attacks as you move away!
The wight hits you with a +0 dire flail.
* * * LOW HITPOINT WARNING * * *
You feel drained. The wight barely misses you. The wight barely misses you.
The wight attacks as you move away!
The wight hits you with a +0 dire flail.
* * * LOW HITPOINT WARNING * * *
The wight attacks as you move away! The wight hits you with a +4 flail.
* * * LOW HITPOINT WARNING * * *
The wight closely misses you. The wight hits you but does no damage.
The wight attacks as you move away! The wight closely misses you.
The wight attacks as you move away! The wight closely misses you.
The wight hits you with a +0 dire flail.
* * * LOW HITPOINT WARNING * * *
The wight hits you with a +4 flail.
* * * LOW HITPOINT WARNING * * *
The wight attacks as you move away!
The wight hits you with a +0 dire flail!
You die...

#### #........###..
###..#####...#)..#...#
#......#.....#.).....#
#.....................#
##....................#.
###.....................#
#.........##......(.......
#.......<.†zz..)..........
##..........@.............
##.....##..#.##......##.
###..###..####......# #..
##..# #..<...# .... #.##
###..#.# #.... ... ..#.#
#... ##.. ... . .. ...


You could see 2 wights.

Vanquished Creatures
  Menkaure (D:6)
  A water moccasin (D:6)
  An ice beast (D:6)
  A black bear (D:5)
  3 ogres
  3 centaurs
  A phantom (D:5)
  Blork the orc (D:4)
  3 bullfrogs
  3 scorpions
  2 wights (D:7)
  An orc priest (D:5)
  Crazy Yiuf (D:4)
  2 gnoll boudas
  6 hounds
  2 jellies
  Jessica (D:3)
  A sleepcap (D:6)
  Ijyb (D:3)
  2 iguanas
  4 adders (D:5)
  5 gnolls (D:5)
  A shadow imp (D:6)
  A white imp (D:5)
  3 ufetubi
  A worm (D:4)
  A dart slug (D:5)
  16 orcs
  9 ball pythons
  3 bats
  5 endoplasms
  A giant cockroach (D:3)
  7 goblins (D:1)
  8 hobgoblins
  4 jackals (D:2)
  4 quokkas
  3 frilled lizards
  3 kobolds
  6 rats
122 creatures vanquished.

Vanquished Creatures (others)
  An orc warrior (D:6)
  An ogre (D:6)
2 creatures vanquished.

Grand Total: 124 creatures vanquished

Notes
Turn   | Place    | Note
-------+----------+-------------------------------------------
     0 | D:1      | drskyman the Merfolk Berserker began the quest for the Orb.
     0 | D:1      | Reached XP level 1. HP: 18/18 MP: 1/1
   267 | D:1      | Reached XP level 2. HP: 24/24 MP: 2/2
   677 | D:1      | Reached XP level 3. HP: 30/30 MP: 3/3
   802 | D:1      | Identified a scroll of acquirement
   802 | D:1      | Acquired a manual of Throwing
  1409 | D:2      | Reached skill level 5 in Polearms
  1475 | D:2      | Reached ** piety under Trog
  1758 | D:2      | Reached skill level 1 in Throwing
  2508 | D:3      | Noticed Jessica
  2525 | D:3      | Killed Jessica
  2526 | D:3      | Reached XP level 4. HP: 37/37 MP: 4/4
  2653 | D:3      | Noticed an ice beast
  2654 | D:3      | Noticed a scorpion
  2750 | D:3      | Noticed Ijyb
  2766 | D:3      | Killed Ijyb
  2767 | D:3      | Reached skill level 1 in Axes
  2767 | D:3      | Reached skill level 2 in Throwing
  2767 | D:3      | Reached XP level 5. HP: 30/42 MP: 5/5
  2875 | D:3      | Found a faded altar of an unknown god.
  2958 | D:3      | Found a glowing silver altar of Zin.
  3374 | D:4      | Found a runed translucent door.
  3375 | D:4      | Noticed Crazy Yiuf
  3382 | D:4      | Killed Crazy Yiuf
  3473 | D:4      | Reached skill level 3 in Throwing
  3549 | D:4      | Noticed Blork the orc
  3556 | D:4      | Killed Blork the orc
  3557 | D:4      | Reached XP level 6. HP: 32/48 MP: 6/6
  3717 | D:4      | Reached skill level 1 in Staves
  3976 | D:5      | Entered Level 5 of the Dungeon
  3989 | D:5      | Reached skill level 4 in Throwing
  3990 | D:5      | Reached XP level 7. HP: 55/55 MP: 7/7
  4135 | D:5      | Found a staircase to the Ecumenical Temple.
  4165 | Temple   | Entered the Ecumenical Temple
  4319 | D:5      | Reached skill level 5 in Fighting
  4387 | D:5      | Reached XP level 8. HP: 62/62 MP: 8/8
  4409 | D:5      | Reached skill level 5 in Throwing
  4797 | D:5      | Identified the +3 leather armour of Bistir {Int+3}
  4980 | D:6      | Reached skill level 6 in Throwing
  4981 | D:6      | Noticed Menkaure
  5122 | D:6      | Killed Menkaure
  5146 | D:6      | Reached skill level 7 in Throwing
  5150 | D:6      | Reached *** piety under Trog
  5157 | D:6      | Reached skill level 5 in Staves
  5157 | D:6      | Reached XP level 9. HP: 55/69 MP: 9/9
  5278 | D:6      | Found an ornate altar of the Wu Jian Council.
  5313 | D:6      | Reached skill level 8 in Throwing
  5502 | D:6      | Found a shimmering altar of Xom.
  5963 | D:7      | Slain by a wight

Illustrated notes

Levels and vault maps discovered:
D:1:      wander_arrival_fairy_ring, layout_loops_ring
D:2:      layout_basic, serial_rivers, chequers_serial_rivers_marsh,
          chequers_serial_rivers_micro_d, chequers_serial_rivers_micro_e,
          chequers_serial_rivers_micro_c, chequers_serial_rivers_room_b,
          hex_intersection
D:3:      layout_loops_ring, mainiacjoe_overflow_alcove_4,
          shapermc_ecumenical_altar_petra, chequers_serial_rivers_micro_e,
          lightli_corner_chamber, uniq_jessica, uniq_ijyb
D:4:      layout_rooms, uniq_blork_the_orc, uniq_crazy_yiuf_cottage
D:5:      layout_loops_ring, minmay_temple_entry_glassed_door
D:6:      layout_cave_pools, xom_confusion_cloud, overflow_temple_1_default,
          uniq_menkaure
D:7:      layout_cave_pools
Temple:   eino_temple_lava

Skill      XL: |  1  2  3  4  5  6  7  8  9 |
---------------+----------------------------+-----
Polearms       | 5 |  5.1
Throwing       | 1 2 3 4 7 8 |  8.0
Armour         | 2 3 |  3.4
Fighting       | 4 5 6 |  6.0
Axes           | 1 2 |  2.3
Dodging        | 3 |  3.7
Staves         | 1 3 5 |  5.8
Stealth        | |  0.1

Action                     |  1- 3 |  4- 6 |  7- 9 || total
---------------------------+-------+-------+-------++-------
  Melee: Spear             |   180 |       |       ||   180
         Punch             |     1 |       |     1 ||     2
         Broad axe         |    33 |    30 |       ||    63
         Quarterstaff      |       |    28 |   167 ||   195
         Dagger            |       |       |    53 ||    53
   Fire: Shortbow          |       |       |     2 ||     2
  Throw: Dart              |    31 |    27 |    54 ||   112
         Stone             |    35 |       |    17 ||    52
 Invoke: Berserk           |     1 |     1 |     2 ||     4
         Trog's Hand       |       |     1 |     1 ||     2
    Use: Scroll            |     8 |     3 |     6 ||    17
         Potion            |       |     2 |       ||     2
 Armour: Animal skin       |     6 |       |       ||     6
         Chain mail        |    38 |    25 |   213 ||   276
         Skin              |       |     1 |       ||     1
  Dodge: Dodged            |    40 |    25 |   168 ||   233
